 Dungeon Crawl Stone Soup version 0.23.0 (webtiles) character file.

Game seed: 3778025055264395583

2741 LostNumber the Grappler (level 9, 0/88 HPs)
             Began as a Troll Ice Elementalist on Feb 14, 2019.
             Was a Priest of Okawaru.
             Slain by a wolf (2 damage)
             ... on level 9 of the Dungeon.
             The game lasted 00:09:51 (7042 turns).

LostNumber the Grappler (Troll Ice Elementalist)    Turns: 7042, Time: 00:09:51

Health: 0/88       AC:  2    Str: 26    XL:     9   Next: 40%
Magic:  12/12      EV: 13    Int: 11    God:    Okawaru [***...]
Gold:   369        SH:  0    Dex: 10    Spells: 9/10 levels left

rFire    . . .     SeeInvis .     - Unarmed
rCold    . . .     Gourm    +   (no shield)
rNeg     . . .     Faith    .   a - +0 robe
rPois    .         Spirit   .   (helmet restricted)
rElec    .         Reflect  .   (no cloak)
rCorr    .         Harm     .   (gloves unavailable)
MR       .....                  (boots unavailable)
Stlth    +.........             (no amulet)
HPRegen  0.64/turn              y - +3 ring of evasion
MPRegen  0.13/turn              h - +5 ring of strength

@: corroded
A: large, unfitting armour, claws 3, fast metabolism 3, gourmand, regeneration
1, shaggy fur 1, tough skin 3
a: Heroism, Renounce Religion


You were on level 9 of the Dungeon.
You worshipped Okawaru.
Okawaru was most pleased with you.
You were very full.

You visited 1 branch of the dungeon, and saw 9 of its levels.

You collected 369 gold pieces.

Inventory:

Missiles
 r - a throwing net (quivered) {!f}
Armour
 a - a +0 robe (worn)
Jewellery
 d - an uncursed ring of fire
   (You found it on level 1 of the Dungeon)
 h - a +5 ring of strength (right claw)
   (You found it on level 7 of the Dungeon)
 w - a +1 ring of evasion
   (You found it on level 7 of the Dungeon)
 y - a +3 ring of evasion (left claw)
   (You found it on level 8 of the Dungeon)
Scrolls
 b - 2 scrolls of random uselessness {unknown}
 c - 6 scrolls of teleportation {@r4}
 g - 4 scrolls of fear {unknown}
 i - 3 scrolls of enchant weapon {unknown}
 k - 8 scrolls of remove curse {@r2}
 l - a scroll of blinking {unknown}
 p - 2 scrolls of magic mapping {unknown}
 q - a scroll of fog {unknown}
 s - 3 scrolls of amnesia {unknown}
 v - 3 scrolls of identify {@r1}
 z - a scroll of immolation {unknown}
Potions
 f - a potion of brilliance {unknown}
 j - 4 potions of mutation {!q}
 m - a potion of heal wounds {unknown}
 n - a potion of haste {unknown}
 o - a potion of curing {unknown}
 t - 3 potions of lignification {!q}
 u - 2 potions of might {unknown}
Comestibles
 e - 19 rations {!d}


   Skills:
 + Level 5.1 Fighting
 - Level 3.0 Dodging
 - Level 1.0 Stealth
 * Level 8.9 Unarmed Combat
 - Level 1.2 Spellcasting
   Level 0.6 Conjurations
 - Level 2.1 Ice Magic
 + Level 5.4 Invocations


You had 9 spell levels left.
You knew the following spells:

 Your Spells              Type           Power        Failure   Level  Hunger
a - Freeze                Ice            #...         13%         1    ##.....

Your spell library contained the following spells:

 Spells                   Type           Power        Failure   Level  Hunger
 Throw Frost              Conj/Ice       #.....       26%         2    ###....
 Flame Tongue             Conj/Fire      #....        28%         1    ##.....
 Throw Flame              Conj/Fire      #.....       38%         2    ###....
 Ozocubu's Armour         Chrm/Ice       #.......     52%         3    ####...
 Conjure Flame            Conj/Fire      #.......     63%         3    ####...
 Inner Flame              Hex/Fire       #.......     67%         3    ####...
 Throw Icicle             Conj/Ice       #.......     87%         4    #####..
 Summon Ice Beast         Ice/Summ       #.......     90%         4    #####..
 Sticky Flame             Conj/Fire      #.......     95%         4    #####..
 Fireball                 Conj/Fire      #.........   100%        5    ######.


Dungeon Overview and Level Annotations

Branches:
Dungeon (9/15)             Temple (0/1) D:7            Lair (0/6) D:9
    Orc: D:9-12

Altars:
Ashenzari
Dithmenos
Fedhas
Hepliaklqana
Makhleb
Okawaru
Sif Muna
Trog

Shops:
D:8 %


Innate Abilities, Weirdness & Mutations

You are too large for most types of armour.
You have claws for hands.
Your metabolism is lightning-fast.
You like to eat raw meat.
Your natural rate of healing is unusually fast.
You are covered in fur. (AC +1)
You have extremely tough skin. (AC +3)


Message History

The wolf howls!
You hear a bark! x2
A wolf comes into view.
The electric eel shoots out a bolt of lightning at you!
The bolt of electricity hits you!
A hound comes into view.
You hear a shout!
A hound and a skeleton come into view.
The wolf howls!
You hear a shout!
A centaur comes into view.
A hound comes into view.
The centaur wields a +0 shortbow.
The centaur shoots an arrow.
The arrow hits you!
The hound barks!
A hound comes into view.
The electric eel shoots out a bolt of lightning at you!
The bolt of electricity hits you.
The centaur shoots an arrow.
The arrow barely misses you.
You hear a shout!
Found a metallic pink potion.
Found a staircase to the Lair.
You see here an arrow.
You enter the shallow water.
Moving in this stuff is going to be slow.
An orc and an electric eel come into view.
The orc shouts!
The centaur shoots an arrow.
The arrow hits you!
* * * LOW HITPOINT WARNING * * *
You hear a splash.
The orc throws a tomahawk.
The tomahawk barely misses you.
You hear a splash.
The wolf bites you!
* * * LOW HITPOINT WARNING * * *
The centaur shoots an arrow.
The arrow hits you.
* * * LOW HITPOINT WARNING * * *
The orc throws a tomahawk.
The tomahawk misses you.
You hear a splash.
Things that are here:
2 tomahawks; an arrow Unknown command.
The electric eel shoots out a bolt of lightning at you!
The bolt of electricity hits you!
* * * LOW HITPOINT WARNING * * *
The centaur shoots an arrow.
The arrow hits you.
* * * LOW HITPOINT WARNING * * *
The electric eel shoots out a bolt of lightning at you!
The bolt of electricity hits the adder skeleton!
The bolt of electricity hits you!
* * * LOW HITPOINT WARNING * * *
The adder skeleton closely misses you. The wolf barely misses you.
You see here an arrow.
The wolf bites you.
You die...

###.._#
#..≈≈.≈≈≈....≈≈≈
##..###
#....≈;h..≈...≈≈
...##
#....≈≈≈≈≈h≈≈≈≈≈
####
#....≈≈≈≈h≈≈≈≈≈≈
#....≈..h≈≈≈≈≈..
#.......(.≈≈c...
#......hZ.......
#######h#######.
#@# #.# #.# #.#
######.# ##.....<#
#####...###.#
######.....#.....#
........##...###.#


You could see 2 wolves, 4 hounds, an electric eel and an adder skeleton.

Vanquished Creatures
  Prince Ribbit (D:8)
  A spriggan (D:7)
  2 wyverns (D:8)
  A hungry ghost (D:7)
  Menkaure (D:6)
  An orc warrior (D:7)
  A black bear (D:7)
  4 ogres
  3 bullfrogs
  2 scorpions
  A crimson imp (D:7)
  A centaur zombie (D:7)
  A quasit (D:8)
  2 orc wizards
  A jelly (D:9)
  4 orc priests
  A hound (D:3)
  Terence (D:3)
  3 iguanas
  9 worker ants
  A mummy (D:8)
  A howler monkey skeleton (D:4)
  10 adders
  14 gnolls
  3 shadow imps
  2 oozes
  An adder skeleton (D:5)
  An adder zombie (D:5)
  A worm (D:2)
  6 leopard geckos
  12 orcs
  2 ball pythons
  2 giant cockroaches
  5 goblins
  7 hobgoblins
  14 jackals
  4 quokkas
  4 bats
  4 frilled lizards
  2 hobgoblin zombies (D:8)
  7 kobolds
  A kobold zombie (D:8)
  A leopard gecko skeleton (D:7)
  An orc zombie (D:8)
  A quokka zombie (D:8)
  3 rats
151 creatures vanquished.

Notes
Turn   | Place    | Note
-------+----------+-------------------------------------------
     0 | D:1      | LostNumber the Troll Ice Elementalist began the quest for
                  | the Orb.
     0 | D:1      | Reached XP level 1. HP: 16/16 MP: 1/1
    89 | D:1      | Reached skill level 1 in Unarmed Combat
    90 | D:1      | Reached XP level 2. HP: 26/26 MP: 2/2
   498 | D:2      | Reached XP level 3. HP: 18/32 MP: 3/3
   548 | D:2      | Found an iron altar of Okawaru.
   604 | D:2      | Reached skill level 1 in Fighting
   669 | D:2      | Became a worshipper of Warmaster Okawaru
   839 | D:2      | Reached skill level 2 in Unarmed Combat
  1005 | D:2      | Reached XP level 4. HP: 22/41 MP: 4/4
  1300 | D:3      | Reached skill level 1 in Invocations
  1505 | D:3      | Found a burning altar of Makhleb.
  1510 | D:3      | Reached skill level 3 in Unarmed Combat
  1510 | D:3      | Reached XP level 5. HP: 48/48 MP: 5/5
  1965 | D:3      | Noticed Terence
  1977 | D:3      | Killed Terence
  2233 | D:4      | Reached XP level 6. HP: 50/57 MP: 6/6
  2441 | D:4      | Reached skill level 4 in Unarmed Combat
  2513 | D:4      | Reached * piety under Okawaru
  3249 | D:4      | Reached XP level 7. HP: 65/66 MP: 4/7
  3743 | D:5      | Entered Level 5 of the Dungeon
  4269 | D:6      | Noticed Menkaure
  4277 | D:6      | Killed Menkaure
  4277 | D:6      | Reached skill level 5 in Unarmed Combat
  4857 | D:7      | Reached ** piety under Okawaru
  4857 | D:7      | Reached skill level 6 in Unarmed Combat
  4864 | D:7      | Reached XP level 8. HP: 38/75 MP: 9/9
  5406 | D:7      | Found a staircase to the Ecumenical Temple.
  5447 | D:7      | Reached skill level 7 in Unarmed Combat
  5607 | D:7      | Reached *** piety under Okawaru
  5785 | D:8      | Reached skill level 8 in Unarmed Combat
  5785 | D:8      | Reached XP level 9. HP: 74/85 MP: 11/11
  5872 | D:8      | Noticed Prince Ribbit
  5882 | D:8      | Killed Prince Ribbit
  6061 | D:8      | Reached skill level 5 in Invocations
  6303 | D:8      | Found Ymioh's Food Emporium.
  6312 | D:8      | Found a bloodstained altar of Trog.
  6318 | D:8      | Found a shadowy altar of Dithmenos.
  6363 | D:8      | Reached skill level 5 in Fighting
  6899 | D:9      | Found a burning altar of Makhleb.
  6899 | D:9      | Found a blossoming altar of Fedhas.
  6904 | D:9      | Found a deep blue altar of Sif Muna.
  6906 | D:9      | Found a shattered altar of Ashenzari.
  6908 | D:9      | Found a hazy altar of Hepliaklqana.
  7038 | D:9      | Found a staircase to the Lair.
  7041 | D:9      | HP: 2/88 [electric eel/bolt of electricity (14)]
  7042 | D:9      | Slain by a wolf

Skill      XL: |  1  2  3  4  5  6  7  8  9 |
---------------+----------------------------+-----
Unarmed Combat | 1 2 3 4 6 8 |  8.9
Dodging        | 2 3 |  3.0
Fighting       | 1 2 3 4 5 |  5.1
Invocations    | 1 2 3 4 5 |  5.4
Stealth        | |  1.0
Spellcasting   | |  1.2
Conjurations   | |  0.6
Ice Magic      | |  2.1

Action                   |  1- 3 |  4- 6 |  7- 9 || total
-------------------------+-------+-------+-------++-------
Melee: Unarmed           |   123 |   127 |   268 ||   518
       Punch             |       |     2 |     9 ||    11
Invok: Heroism           |       |     1 |     2 ||     3
  Use: Scroll            |       |       |     5 ||     5
 Stab: Sleeping          |     2 |     3 |     3 ||     8
  Eat: Chunk             |    15 |    16 |    44 ||    75
       Ration            |       |       |     1 ||     1
Armor: Robe              |    57 |    36 |    96 ||   189
Dodge: Dodged            |    84 |    53 |   137 ||   274
